3249 views
Uploaded 2020-04-08 16:48:09
Game version 1.32.3
33:15 long 4on4 ladder game on (8)NerubianPassage
Saved by BEARAND
3249 views
Uploaded 2020-04-08 16:48:09
Game version 1.32.3
33:15 long 4on4 ladder game on (8)NerubianPassage


94 units @ 8.3k
/ 0.3k
411 buildings @ 25.3k
/ 11.5k



| Rod of Necromancy | 1 | 150 |
| Orb of Corruption | 3 | 1125 |
| Staff of Teleportation | 3 | 450 |
| Staff of Sanctuary | 3 | 750 |
| Runed Bracers | 2 | 800 |
| Ring of Regeneration | 1 | 300 |
| total: | 13 | 3575g |
| Acolyte | 7 | 525 | / | 0 |
| Ghoul | 11 | 1320 | / | 0 |
| Obsidian Statue | 2 | 400 | / | 70 |
| total: | 20 | 2245g | / | 70w |
| Crypt | 1 | 200 | / | 50 |
| Altar of Darkness | 1 | 180 | / | 50 |
| Ziggurat | 7 | 1050 | / | 350 |
| Tomb of Relics | 7 | 910 | / | 210 |
| Necropolis | 1 | 225 | / | 0 |
| Graveyard | 1 | 215 | / | 0 |
| Slaughterhouse | 2 | 280 | / | 270 |
| Temple of the Damned | 1 | 155 | / | 140 |
| Sacrificial Pit | 1 | 75 | / | 150 |
| Halls of the Dead | 1 | 320 | / | 210 |
| Black Citadel | 1 | 325 | / | 230 |
| total: | 22 | 3290g | / | 1220w |
| 0:00 | Acolyte |
| 0:11 | Crypt |
| 0:14 | Altar of Darkness |
| 0:15 | Acolyte |
| 0:20 | Ziggurat |
| 1:01 | Tomb of Relics |
| 1:02 | Acolyte |
| 1:13 | Ghoul |
| 1:20 | Ziggurat |
| 1:28 | Ghoul |
| 1:56 | Ghoul |
| 2:05 | Acolyte |
| 2:12 | Ghoul |
| 2:17 | Rod of Necromancy |
| 2:20 | Death Coil |
| 2:27 | Ghoul |
| 3:08 | Ghoul |
| 3:08 | Ghoul |
| 3:19 | Acolyte |
| 3:21 | Ghoul |
| 4:10 | Unholy Aura |
| 4:16 | Acolyte |
| 4:40 | Ghoul |
| 4:40 | Ghoul |
| 4:55 | Necropolis |
| 5:01 | Staff of Teleportation |
| 5:12 | Halls of the Dead |
| 6:21 | Death Coil |
| 6:29 | Acolyte |
| 6:41 | Ghoul |
| 7:50 | Black Citadel |
| 7:52 | Ziggurat |
| 9:07 | Staff of Teleportation |
| 9:31 | Frost Nova |
| 9:51 | Tomb of Relics |
| 9:52 | Tomb of Relics |
| 9:53 | Tomb of Relics |
| 9:54 | Tomb of Relics |
| 9:54 | Tomb of Relics |
| 9:56 | Tomb of Relics |
| 10:24 | Runed Bracers |
| 11:29 | Unholy Aura |
| 11:36 | Orb of Corruption |
| 11:38 | Orb of Corruption |
| 11:39 | Orb of Corruption |
| 12:00 | Impale |
| 13:25 | Graveyard |
| 13:29 | Frost Armor |
| 15:40 | Staff of Sanctuary |
| 15:40 | Staff of Sanctuary |
| 15:41 | Staff of Sanctuary |
| 16:10 | Death Coil |
| 16:16 | Staff of Teleportation |
| 17:24 | Ring of Regeneration |
| 17:40 | Runed Bracers |
| 18:15 | Slaughterhouse |
| 18:16 | Temple of the Damned |
| 18:17 | Slaughterhouse |
| 20:09 | Sacrificial Pit |
| 20:10 | Obsidian Statue |
| 21:19 | Spiked Carapace |
| 24:07 | Ziggurat |
| 24:07 | Ziggurat |
| 24:08 | Ziggurat |
| 24:09 | Ziggurat |
| 24:28 | Frost Nova |
| 25:31 | Impale |
| 25:53 | Obsidian Statue |
| 26:07 | Unholy Aura |
| 28:55 | Frost Armor |
| 32:59 | Spiked Carapace |
| Right click | 2251 |
| Select | 1131 |
| Select group | 575 |
| Resource trade | 191 |
| Assign group | 160 |
| Use ability | 113 |
| Build/train/purchase | 71 |
| Misc. action | 61 |
| Minimap ping | 18 |
| Item give/drop | 12 |
| Chat | 7 |
| Remove unit | 2 |



| Orb of Venom | 1 | 325 |
| Staff of Preservation | 3 | 450 |
| Boots of Speed | 3 | 750 |
| Staff of Teleportation | 3 | 450 |
| Circlet of Nobility | 1 | 175 |
| Boots of Quel'Thalas +6 | 1 | 400 |
| The Lion Horn of Stormwind | 1 | 400 |
| Runed Bracers | 1 | 400 |
| total: | 14 | 3350g |
| Wisp | 31 | 1860 | / | 0 |
| total: | 31 | 1860g | / | 0w |
| Altar of Elders | 1 | 180 | / | 50 |
| Moon Well | 35 | 6300 | / | 1400 |
| Ancient of Wonders | 1 | 90 | / | 30 |
| Hunter's Hall | 1 | 210 | / | 100 |
| Tree of Life | 6 | 2040 | / | 1110 |
| Tree of Ages | 1 | 320 | / | 180 |
| Tree of Eternity | 1 | 330 | / | 200 |
| total: | 44 | 8820g | / | 2690w |
| 0:01 | Wisp |
| 0:05 | Altar of Elders |
| 0:08 | Wisp |
| 0:22 | Moon Well |
| 0:23 | Wisp |
| 0:32 | Wisp |
| 0:42 | Wisp |
| 0:55 | Wisp |
| 1:17 | Wisp |
| 1:34 | Moon Well |
| 1:35 | Wisp |
| 1:43 | Moon Well |
| 1:54 | Wisp |
| 2:06 | Wisp |
| 2:18 | Force of Nature |
| 2:36 | Moon Well |
| 2:55 | Wisp |
| 2:55 | Wisp |
| 3:17 | Moon Well |
| 3:22 | Wisp |
| 3:55 | Entangling Roots |
| 3:59 | Wisp |
| 3:59 | Wisp |
| 4:21 | Wisp |
| 4:30 | Wisp |
| 4:55 | Wisp |
| 5:03 | Tree of Ages |
| 5:38 | Ancient of Wonders |
| 5:59 | Moon Well |
| 6:01 | Moon Well |
| 6:05 | Moon Well |
| 6:46 | Moon Well |
| 7:19 | Entangling Roots |
| 7:40 | Tree of Eternity |
| 7:42 | Hunter's Hall |
| 8:04 | Frost Arrows |
| 8:29 | Boots of Speed |
| 8:29 | Boots of Speed |
| 8:38 | Staff of Teleportation |
| 9:34 | Ultravision |
| 10:32 | Forked Lightning |
| 10:44 | Well Spring |
| 10:45 | Nature's Blessing |
| 11:05 | Boots of Quel'Thalas +6 |
| 11:09 | Searing Arrows |
| 11:45 | Wisp |
| 11:45 | Wisp |
| 11:45 | Wisp |
| 11:55 | Boots of Speed |
| 11:56 | Staff of Teleportation |
| 13:23 | Wisp |
| 13:23 | Wisp |
| 13:23 | Wisp |
| 13:45 | Moon Well |
| 14:11 | Orb of Venom |
| 14:12 | Staff of Preservation |
| 14:18 | Moon Well |
| 15:24 | Moon Well |
| 15:47 | Moon Well |
| 16:06 | Staff of Teleportation |
| 16:06 | Circlet of Nobility |
| 16:26 | Thorns Aura |
| 16:50 | Moon Well |
| 17:14 | Tree of Life |
| 17:25 | Trueshot Aura |
| 17:41 | Tree of Life |
| 17:48 | Moon Well |
| 18:11 | Wisp |
| 18:11 | Wisp |
| 18:15 | Moon Well |
| 18:28 | Frost Arrows |
| 19:58 | Moon Well |
| 19:58 | Moon Well |
| 20:05 | Staff of Preservation |
| 21:23 | Wisp |
| 21:23 | Wisp |
| 21:23 | Wisp |
| 21:23 | Wisp |
| 21:24 | Wisp |
| 22:09 | Moon Well |
| 22:09 | Moon Well |
| 22:21 | Moon Well |
| 22:22 | Moon Well |
| 22:23 | Moon Well |
| 22:23 | Moon Well |
| 22:29 | Staff of Preservation |
| 22:43 | Trueshot Aura |
| 22:51 | Tree of Life |
| 24:56 | Moon Well |
| 25:03 | Moon Well |
| 25:53 | Moon Well |
| 25:53 | Moon Well |
| 25:54 | Moon Well |
| 25:54 | Moon Well |
| 26:18 | Moon Well |
| 26:22 | Entangling Roots |
| 26:24 | Forked Lightning |
| 27:42 | The Lion Horn of Stormwind |
| 27:45 | Runed Bracers |
| 28:32 | Moon Well |
| 28:34 | Moon Well |
| 28:34 | Moon Well |
| 28:38 | Moon Well |
| 30:25 | Searing Arrows |
| 30:45 | Tree of Life |
| 30:54 | Tree of Life |
| 31:01 | Tree of Life |
| Right click | 2154 |
| Select group | 1500 |
| Select | 345 |
| Assign group | 305 |
| Resource trade | 179 |
| Build/train/purchase | 143 |
| Use ability | 83 |
| Misc. action | 52 |
| Chat | 45 |
| Item give/drop | 4 |
| Minimap ping | 4 |
| Remove unit | 1 |



| Staff of Sanctuary | 3 | 750 |
| Potion of Mana | 2 | 400 |
| Potion of Healing | 2 | 300 |
| Staff of Teleportation | 3 | 450 |
| Boots of Speed | 2 | 500 |
| Periapt of Vitality | 1 | 325 |
| Orb of Corruption | 3 | 1125 |
| total: | 16 | 3850g |
| Peasant | 14 | 1050 | / | 0 |
| Priest | 1 | 135 | / | 10 |
| Dragonhawk Rider | 7 | 1400 | / | 210 |
| total: | 22 | 2585g | / | 220w |
| Scout Tower | 113 | 3390 | / | 2260 |
| Arcane Tower | 6 | 420 | / | 300 |
| Guard Tower | 59 | 4130 | / | 2950 |
| Altar of Kings | 1 | 180 | / | 50 |
| Farm | 7 | 560 | / | 140 |
| Lumber Mill | 1 | 120 | / | 0 |
| Arcane Vault | 3 | 390 | / | 90 |
| Blacksmith | 1 | 140 | / | 60 |
| Barracks | 1 | 160 | / | 60 |
| Arcane Sanctum | 1 | 150 | / | 140 |
| Gryphon Aviary | 1 | 140 | / | 150 |
| Keep | 1 | 320 | / | 210 |
| Castle | 1 | 360 | / | 210 |
| total: | 129 | 5230g | / | 2950w |
| 0:01 | Peasant |
| 0:02 | Peasant |
| 0:09 | Altar of Kings |
| 0:18 | Farm |
| 0:27 | Lumber Mill |
| 0:29 | Scout Tower |
| 0:29 | Peasant |
| 0:42 | Peasant |
| 0:43 | Peasant |
| 0:51 | Peasant |
| 1:05 | Peasant |
| 1:21 | Peasant |
| 1:28 | Scout Tower |
| 1:34 | Farm |
| 1:40 | Arcane Tower |
| 1:43 | Scout Tower |
| 1:44 | Scout Tower |
| 1:51 | Peasant |
| 1:58 | Scout Tower |
| 2:01 | Peasant |
| 2:09 | Blizzard |
| 2:19 | Guard Tower |
| 2:20 | Scout Tower |
| 2:21 | Scout Tower |
| 2:47 | Guard Tower |
| 2:48 | Guard Tower |
| 2:49 | Arcane Tower |
| 2:50 | Scout Tower |
| 2:51 | Scout Tower |
| 3:12 | Peasant |
| 3:12 | Peasant |
| 3:13 | Peasant |
| 3:14 | Peasant |
| 3:15 | Guard Tower |
| 3:20 | Scout Tower |
| 3:20 | Scout Tower |
| 3:21 | Scout Tower |
| 3:21 | Scout Tower |
| 3:55 | Brilliance Aura |
| 4:33 | Keep |
| 4:35 | Guard Tower |
| 4:38 | Scout Tower |
| 4:39 | Scout Tower |
| 4:39 | Scout Tower |
| 4:40 | Scout Tower |
| 4:43 | Guard Tower |
| 4:43 | Guard Tower |
| 4:56 | Farm |
| 4:57 | Farm |
| 4:58 | Improved Masonry |
| 5:07 | Scout Tower |
| 5:07 | Scout Tower |
| 5:08 | Scout Tower |
| 5:10 | Guard Tower |
| 5:12 | Staff of Teleportation |
| 5:12 | Boots of Speed |
| 5:50 | Guard Tower |
| 5:52 | Scout Tower |
| 5:53 | Scout Tower |
| 5:54 | Scout Tower |
| 5:55 | Scout Tower |
| 5:55 | Scout Tower |
| 5:55 | Scout Tower |
| 6:02 | Guard Tower |
| 6:15 | Scout Tower |
| 6:16 | Scout Tower |
| 6:16 | Scout Tower |
| 6:17 | Scout Tower |
| 6:28 | Guard Tower |
| 6:34 | Guard Tower |
| 6:46 | Guard Tower |
| 7:05 | Blizzard |
| 7:12 | Guard Tower |
| 7:13 | Scout Tower |
| 7:14 | Scout Tower |
| 7:15 | Scout Tower |
| 7:15 | Scout Tower |
| 7:21 | Guard Tower |
| 7:27 | Guard Tower |
| 7:38 | Periapt of Vitality |
| 7:41 | Arcane Tower |
| 7:42 | Guard Tower |
| 7:44 | Scout Tower |
| 7:47 | Scout Tower |
| 7:48 | Scout Tower |
| 7:52 | Arcane Sanctum |
| 8:03 | Guard Tower |
| 8:03 | Guard Tower |
| 8:05 | Guard Tower |
| 8:05 | Guard Tower |
| 8:10 | Guard Tower |
| 8:33 | Storm Bolt |
| 8:38 | Guard Tower |
| 8:40 | Guard Tower |
| 8:41 | Scout Tower |
| 8:42 | Scout Tower |
| 8:42 | Scout Tower |
| 8:45 | Scout Tower |
| 8:45 | Scout Tower |
| 8:46 | Scout Tower |
| 8:46 | Scout Tower |
| 8:47 | Scout Tower |
| 9:19 | Castle |
| 9:30 | Guard Tower |
| 9:31 | Scout Tower |
| 9:32 | Scout Tower |
| 9:32 | Scout Tower |
| 9:33 | Scout Tower |
| 9:33 | Scout Tower |
| 9:34 | Scout Tower |
| 9:35 | Scout Tower |
| 9:37 | Scout Tower |
| 9:38 | Scout Tower |
| 9:38 | Scout Tower |
| 9:39 | Scout Tower |
| 10:03 | Guard Tower |
| 10:07 | Guard Tower |
| 10:23 | Guard Tower |
| 10:26 | Scout Tower |
| 10:27 | Scout Tower |
| 10:27 | Scout Tower |
| 10:28 | Scout Tower |
| 10:29 | Guard Tower |
| 10:30 | Scout Tower |
| 10:30 | Scout Tower |
| 10:31 | Scout Tower |
| 10:31 | Scout Tower |
| 10:32 | Scout Tower |
| 10:36 | Arcane Vault |
| 10:40 | Magic Sentry |
| 10:40 | Priest |
| 10:43 | Arcane Vault |
| 10:50 | Bash |
| 11:36 | Guard Tower |
| 11:38 | Guard Tower |
| 11:45 | Advanced Masonry |
| 11:57 | Staff of Sanctuary |
| 12:10 | Guard Tower |
| 12:13 | Guard Tower |
| 12:15 | Arcane Vault |
| 12:16 | Scout Tower |
| 12:17 | Scout Tower |
| 12:17 | Scout Tower |
| 12:19 | Guard Tower |
| 12:35 | Staff of Sanctuary |
| 13:12 | Holy Light |
| 13:22 | Boots of Speed |
| 13:52 | Imbued Masonry |
| 13:55 | Gryphon Aviary |
| 13:57 | Staff of Sanctuary |
| 13:58 | Potion of Mana |
| 13:58 | Potion of Healing |
| 15:22 | Scout Tower |
| 15:23 | Scout Tower |
| 15:23 | Scout Tower |
| 15:23 | Scout Tower |
| 15:36 | Potion of Healing |
| 15:36 | Potion of Mana |
| 15:41 | Brilliance Aura |
| 15:48 | Scout Tower |
| 15:49 | Scout Tower |
| 15:49 | Scout Tower |
| 15:50 | Scout Tower |
| 16:03 | Guard Tower |
| 16:07 | Scout Tower |
| 16:08 | Scout Tower |
| 16:09 | Scout Tower |
| 17:10 | Guard Tower |
| 17:11 | Scout Tower |
| 17:11 | Scout Tower |
| 18:01 | Guard Tower |
| 18:04 | Scout Tower |
| 18:05 | Scout Tower |
| 18:05 | Scout Tower |
| 18:06 | Scout Tower |
| 18:07 | Scout Tower |
| 18:07 | Scout Tower |
| 18:09 | Orb of Corruption |
| 18:10 | Orb of Corruption |
| 18:11 | Orb of Corruption |
| 18:25 | Guard Tower |
| 18:25 | Guard Tower |
| 18:29 | Guard Tower |
| 19:53 | Blacksmith |
| 19:55 | Barracks |
| 20:09 | Staff of Teleportation |
| 20:12 | Guard Tower |
| 20:18 | Scout Tower |
| 20:18 | Scout Tower |
| 20:19 | Scout Tower |
| 20:19 | Scout Tower |
| 20:20 | Scout Tower |
| 20:21 | Scout Tower |
| 20:50 | Storm Bolt |
| 21:44 | Scout Tower |
| 21:45 | Scout Tower |
| 21:46 | Scout Tower |
| 21:47 | Scout Tower |
| 21:47 | Scout Tower |
| 21:48 | Scout Tower |
| 21:49 | Guard Tower |
| 22:07 | Scout Tower |
| 22:07 | Scout Tower |
| 22:08 | Scout Tower |
| 22:10 | Scout Tower |
| 22:10 | Scout Tower |
| 22:13 | Divine Shield |
| 22:26 | Animal War Training |
| 22:27 | Iron Forged Swords |
| 22:27 | Studded Leather Armor |
| 22:29 | Dragonhawk Rider |
| 22:30 | Farm |
| 22:31 | Farm |
| 22:31 | Farm |
| 23:34 | Dragonhawk Rider |
| 23:34 | Dragonhawk Rider |
| 24:13 | Guard Tower |
| 24:27 | Scout Tower |
| 24:27 | Scout Tower |
| 24:28 | Scout Tower |
| 24:28 | Scout Tower |
| 24:29 | Scout Tower |
| 24:29 | Scout Tower |
| 24:29 | Scout Tower |
| 24:30 | Scout Tower |
| 24:31 | Scout Tower |
| 24:48 | Guard Tower |
| 25:50 | Dragonhawk Rider |
| 25:51 | Dragonhawk Rider |
| 25:51 | Dragonhawk Rider |
| 27:17 | Dragonhawk Rider |
| 27:18 | Cloud |
| 27:20 | Reinforced Leather Armor |
| 29:27 | Guard Tower |
| 29:31 | Arcane Tower |
| 29:45 | Staff of Teleportation |
| 30:23 | Bash |
| 30:47 | Holy Light |
| 31:14 | Brilliance Aura |
| 31:20 | Guard Tower |
| 31:33 | Arcane Tower |
| Right click | 2897 |
| Select group | 789 |
| Select | 759 |
| Build/train/purchase | 226 |
| Use ability | 135 |
| Chat | 71 |
| Assign group | 25 |
| Misc. action | 23 |
| Minimap ping | 13 |
| Item give/drop | 7 |
| Resource trade | 4 |



| Staff of Sanctuary | 3 | 750 |
| Orb of Fire | 1 | 325 |
| Staff of Teleportation | 3 | 450 |
| Boots of Speed | 3 | 750 |
| Circlet of Nobility | 1 | 175 |
| Orb of Corruption | 4 | 1500 |
| Potion of Greater Healing | 1 | 400 |
| Potion of Greater Mana | 1 | 400 |
| Robe of the Magi +6 | 1 | 400 |
| Medallion of Courage | 1 | 500 |
| total: | 19 | 5650g |
| Peasant | 20 | 1500 | / | 0 |
| Priest | 1 | 135 | / | 10 |
| total: | 21 | 1635g | / | 10w |
| Scout Tower | 201 | 6030 | / | 4020 |
| Arcane Tower | 6 | 420 | / | 300 |
| Guard Tower | 62 | 4340 | / | 3100 |
| Altar of Kings | 1 | 180 | / | 50 |
| Farm | 6 | 480 | / | 120 |
| Lumber Mill | 2 | 240 | / | 0 |
| Arcane Vault | 4 | 520 | / | 120 |
| Town Hall | 1 | 385 | / | 205 |
| Arcane Sanctum | 1 | 150 | / | 140 |
| Keep | 1 | 320 | / | 210 |
| Castle | 2 | 720 | / | 420 |
| total: | 216 | 7985g | / | 4655w |
| 0:04 | Altar of Kings |
| 0:05 | Farm |
| 0:07 | Peasant |
| 0:08 | Peasant |
| 0:08 | Peasant |
| 0:23 | Peasant |
| 0:36 | Farm |
| 0:43 | Scout Tower |
| 0:45 | Farm |
| 1:07 | Peasant |
| 1:07 | Peasant |
| 1:08 | Peasant |
| 1:08 | Peasant |
| 1:13 | Arcane Tower |
| 1:17 | Lumber Mill |
| 1:25 | Peasant |
| 1:25 | Peasant |
| 1:39 | Peasant |
| 1:48 | Scout Tower |
| 1:52 | Peasant |
| 2:06 | Blizzard |
| 2:16 | Arcane Tower |
| 2:17 | Scout Tower |
| 2:30 | Peasant |
| 2:31 | Peasant |
| 2:31 | Peasant |
| 2:31 | Peasant |
| 2:33 | Peasant |
| 3:06 | Brilliance Aura |
| 3:08 | Guard Tower |
| 3:09 | Scout Tower |
| 3:12 | Scout Tower |
| 3:13 | Scout Tower |
| 3:19 | Arcane Vault |
| 3:26 | Peasant |
| 3:27 | Improved Masonry |
| 3:30 | Farm |
| 3:43 | Guard Tower |
| 3:46 | Scout Tower |
| 3:56 | Guard Tower |
| 4:20 | Scout Tower |
| 4:21 | Guard Tower |
| 4:24 | Scout Tower |
| 4:24 | Scout Tower |
| 4:41 | Keep |
| 4:48 | Guard Tower |
| 4:59 | Guard Tower |
| 5:01 | Scout Tower |
| 5:02 | Scout Tower |
| 5:16 | Scout Tower |
| 5:17 | Scout Tower |
| 5:20 | Scout Tower |
| 5:21 | Scout Tower |
| 5:32 | Guard Tower |
| 5:39 | Staff of Teleportation |
| 5:39 | Boots of Speed |
| 6:12 | Scout Tower |
| 6:13 | Scout Tower |
| 6:33 | Guard Tower |
| 6:36 | Scout Tower |
| 6:37 | Scout Tower |
| 6:39 | Scout Tower |
| 6:40 | Scout Tower |
| 6:40 | Scout Tower |
| 6:42 | Guard Tower |
| 6:46 | Town Hall |
| 6:49 | Scout Tower |
| 6:49 | Scout Tower |
| 6:50 | Scout Tower |
| 6:50 | Scout Tower |
| 6:59 | Scout Tower |
| 6:59 | Scout Tower |
| 7:00 | Scout Tower |
| 7:00 | Scout Tower |
| 7:01 | Scout Tower |
| 7:05 | Guard Tower |
| 7:11 | Scout Tower |
| 7:12 | Scout Tower |
| 7:12 | Scout Tower |
| 7:13 | Scout Tower |
| 7:20 | Blizzard |
| 7:58 | Arcane Sanctum |
| 8:08 | Guard Tower |
| 8:09 | Guard Tower |
| 8:28 | Arcane Tower |
| 8:30 | Scout Tower |
| 8:30 | Scout Tower |
| 8:31 | Scout Tower |
| 8:31 | Scout Tower |
| 8:35 | Storm Bolt |
| 8:39 | Advanced Masonry |
| 8:41 | Guard Tower |
| 8:51 | Improved Lumber Harvesting |
| 9:19 | Guard Tower |
| 9:24 | Scout Tower |
| 9:24 | Scout Tower |
| 9:25 | Scout Tower |
| 9:25 | Scout Tower |
| 9:27 | Guard Tower |
| 9:33 | Scout Tower |
| 9:34 | Scout Tower |
| 9:34 | Scout Tower |
| 9:35 | Scout Tower |
| 9:36 | Guard Tower |
| 10:11 | Peasant |
| 10:11 | Peasant |
| 10:14 | Castle |
| 10:18 | Magic Sentry |
| 10:22 | Guard Tower |
| 10:57 | Thunder Clap |
| 10:58 | Thunder Clap |
| 11:17 | Potion of Greater Healing |
| 11:18 | Potion of Greater Mana |
| 11:58 | Guard Tower |
| 11:59 | Arcane Vault |
| 12:00 | Arcane Vault |
| 12:01 | Arcane Vault |
| 12:06 | Scout Tower |
| 12:06 | Scout Tower |
| 12:07 | Scout Tower |
| 12:07 | Scout Tower |
| 12:08 | Guard Tower |
| 12:10 | Scout Tower |
| 12:11 | Scout Tower |
| 12:11 | Scout Tower |
| 12:12 | Scout Tower |
| 12:12 | Scout Tower |
| 12:13 | Scout Tower |
| 12:14 | Guard Tower |
| 12:16 | Scout Tower |
| 12:17 | Scout Tower |
| 12:17 | Scout Tower |
| 12:17 | Scout Tower |
| 12:33 | Guard Tower |
| 12:34 | Guard Tower |
| 12:42 | Imbued Masonry |
| 12:43 | Priest |
| 12:43 | Priest Adept Training |
| 12:47 | Guard Tower |
| 13:14 | Guard Tower |
| 13:20 | Scout Tower |
| 13:21 | Scout Tower |
| 13:21 | Scout Tower |
| 13:22 | Scout Tower |
| 13:40 | Holy Light |
| 13:41 | Staff of Sanctuary |
| 13:43 | Orb of Fire |
| 13:45 | Staff of Teleportation |
| 13:54 | Guard Tower |
| 13:56 | Boots of Speed |
| 13:57 | Circlet of Nobility |
| 14:03 | Scout Tower |
| 14:04 | Scout Tower |
| 14:05 | Scout Tower |
| 14:05 | Scout Tower |
| 14:06 | Scout Tower |
| 14:06 | Scout Tower |
| 14:09 | Scout Tower |
| 14:09 | Scout Tower |
| 14:10 | Scout Tower |
| 14:13 | Guard Tower |
| 14:16 | Scout Tower |
| 14:16 | Scout Tower |
| 14:17 | Scout Tower |
| 14:17 | Scout Tower |
| 14:24 | Scout Tower |
| 14:24 | Scout Tower |
| 14:25 | Scout Tower |
| 14:26 | Scout Tower |
| 14:27 | Scout Tower |
| 14:28 | Scout Tower |
| 15:02 | Guard Tower |
| 15:04 | Guard Tower |
| 15:21 | Lumber Mill |
| 15:24 | Scout Tower |
| 15:25 | Scout Tower |
| 15:26 | Scout Tower |
| 15:27 | Scout Tower |
| 15:35 | Scout Tower |
| 15:36 | Scout Tower |
| 15:36 | Scout Tower |
| 15:37 | Scout Tower |
| 15:42 | Brilliance Aura |
| 16:12 | Guard Tower |
| 16:14 | Scout Tower |
| 16:14 | Scout Tower |
| 16:15 | Scout Tower |
| 16:15 | Scout Tower |
| 16:16 | Scout Tower |
| 16:16 | Scout Tower |
| 16:21 | Guard Tower |
| 16:37 | Guard Tower |
| 16:40 | Guard Tower |
| 16:42 | Scout Tower |
| 16:43 | Scout Tower |
| 17:15 | Scout Tower |
| 17:15 | Scout Tower |
| 17:16 | Scout Tower |
| 17:17 | Guard Tower |
| 17:19 | Scout Tower |
| 17:20 | Scout Tower |
| 17:21 | Scout Tower |
| 17:22 | Scout Tower |
| 17:22 | Scout Tower |
| 17:24 | Scout Tower |
| 17:24 | Scout Tower |
| 17:25 | Scout Tower |
| 17:26 | Scout Tower |
| 17:26 | Scout Tower |
| 17:31 | Guard Tower |
| 17:38 | Scout Tower |
| 17:39 | Scout Tower |
| 17:40 | Scout Tower |
| 17:42 | Scout Tower |
| 17:42 | Scout Tower |
| 18:01 | Robe of the Magi +6 |
| 18:08 | Guard Tower |
| 18:11 | Scout Tower |
| 18:12 | Scout Tower |
| 18:13 | Scout Tower |
| 18:13 | Scout Tower |
| 18:24 | Guard Tower |
| 18:26 | Scout Tower |
| 18:26 | Scout Tower |
| 18:28 | Scout Tower |
| 18:28 | Scout Tower |
| 18:45 | Divine Shield |
| 19:00 | Storm Bolt |
| 19:10 | Boots of Speed |
| 19:10 | Staff of Teleportation |
| 19:15 | Guard Tower |
| 19:17 | Scout Tower |
| 19:17 | Scout Tower |
| 19:18 | Scout Tower |
| 19:19 | Scout Tower |
| 19:19 | Scout Tower |
| 19:20 | Scout Tower |
| 19:21 | Guard Tower |
| 19:23 | Scout Tower |
| 19:24 | Scout Tower |
| 19:24 | Scout Tower |
| 19:25 | Scout Tower |
| 19:27 | Guard Tower |
| 19:29 | Scout Tower |
| 19:29 | Scout Tower |
| 19:30 | Scout Tower |
| 19:30 | Scout Tower |
| 19:31 | Scout Tower |
| 19:32 | Scout Tower |
| 19:57 | Guard Tower |
| 20:04 | Scout Tower |
| 20:05 | Scout Tower |
| 20:05 | Scout Tower |
| 20:06 | Scout Tower |
| 20:07 | Scout Tower |
| 20:08 | Scout Tower |
| 20:09 | Scout Tower |
| 20:09 | Scout Tower |
| 20:10 | Scout Tower |
| 20:11 | Scout Tower |
| 20:11 | Scout Tower |
| 20:12 | Scout Tower |
| 20:13 | Scout Tower |
| 20:13 | Scout Tower |
| 20:14 | Scout Tower |
| 20:14 | Scout Tower |
| 20:17 | Guard Tower |
| 20:23 | Scout Tower |
| 20:24 | Scout Tower |
| 20:25 | Scout Tower |
| 20:26 | Scout Tower |
| 20:35 | Orb of Corruption |
| 20:35 | Orb of Corruption |
| 20:41 | Orb of Corruption |
| 20:47 | Orb of Corruption |
| 21:01 | Guard Tower |
| 21:04 | Guard Tower |
| 21:09 | Guard Tower |
| 22:05 | Guard Tower |
| 22:49 | Guard Tower |
| 22:57 | Guard Tower |
| 23:20 | Holy Light |
| 24:06 | Farm |
| 24:07 | Farm |
| 24:10 | Guard Tower |
| 24:12 | Scout Tower |
| 24:12 | Scout Tower |
| 24:13 | Scout Tower |
| 24:18 | Scout Tower |
| 24:19 | Scout Tower |
| 24:19 | Scout Tower |
| 24:27 | Scout Tower |
| 24:28 | Scout Tower |
| 24:29 | Scout Tower |
| 24:29 | Scout Tower |
| 24:30 | Scout Tower |
| 25:07 | Blizzard |
| 25:10 | Staff of Sanctuary |
| 25:27 | Staff of Sanctuary |
| 26:02 | Guard Tower |
| 26:05 | Scout Tower |
| 26:06 | Scout Tower |
| 26:06 | Scout Tower |
| 26:07 | Scout Tower |
| 27:10 | Medallion of Courage |
| 27:15 | Guard Tower |
| 27:16 | Scout Tower |
| 27:16 | Scout Tower |
| 27:17 | Scout Tower |
| 27:30 | Guard Tower |
| 27:31 | Scout Tower |
| 27:31 | Scout Tower |
| 27:32 | Scout Tower |
| 27:45 | Guard Tower |
| 27:57 | Guard Tower |
| 28:01 | Guard Tower |
| 28:03 | Scout Tower |
| 28:04 | Scout Tower |
| 28:04 | Scout Tower |
| 28:05 | Scout Tower |
| 28:57 | Guard Tower |
| 28:59 | Scout Tower |
| 28:59 | Scout Tower |
| 29:00 | Scout Tower |
| 29:00 | Scout Tower |
| 29:01 | Scout Tower |
| 29:03 | Guard Tower |
| 29:07 | Scout Tower |
| 29:07 | Scout Tower |
| 29:11 | Guard Tower |
| 31:16 | Guard Tower |
| 31:20 | Scout Tower |
| 31:21 | Scout Tower |
| 31:22 | Scout Tower |
| 31:23 | Scout Tower |
| 31:24 | Scout Tower |
| 31:24 | Scout Tower |
| 31:28 | Arcane Tower |
| 32:15 | Thunder Clap |
| 32:36 | Devotion Aura |
| Right click | 2150 |
| Select group | 1812 |
| Select | 414 |
| Build/train/purchase | 176 |
| Use ability | 117 |
| Misc. action | 77 |
| Minimap ping | 48 |
| Resource trade | 22 |
| Assign group | 7 |
| Item give/drop | 7 |
| Chat | 6 |
| Esc | 4 |
202 units @ 35.4k
/ 6k
66 buildings @ 11.1k
/ 5k

| Peon | 11 | 825 | / | 0 |
| Grunt | 7 | 1400 | / | 0 |
| Shaman | 6 | 780 | / | 120 |
| Tauren | 13 | 3640 | / | 1040 |
| Troll Witch Doctor | 5 | 725 | / | 125 |
| Demolisher | 7 | 1540 | / | 350 |
| Goblin Shredder | 1 | 375 | / | 100 |
| total: | 50 | 9285g | / | 1735w |
| Altar of Storms | 1 | 180 | / | 50 |
| Orc Burrow | 8 | 1280 | / | 320 |
| Barracks | 1 | 180 | / | 50 |
| War Mill | 1 | 205 | / | 0 |
| Great Hall | 1 | 385 | / | 185 |
| Spirit Lodge | 1 | 150 | / | 150 |
| Tauren Totem | 2 | 270 | / | 310 |
| Stronghold | 1 | 315 | / | 190 |
| Fortress | 1 | 325 | / | 190 |
| total: | 15 | 2650g | / | 1065w |
| 0:04 | Altar of Storms |
| 0:05 | Peon |
| 0:08 | Orc Burrow |
| 0:11 | Peon |
| 0:25 | Barracks |
| 0:51 | Peon |
| 0:51 | Peon |
| 1:07 | Peon |
| 1:24 | Peon |
| 1:30 | Grunt |
| 1:45 | Peon |
| 1:49 | Orc Burrow |
| 2:07 | Shockwave |
| 2:42 | Grunt |
| 2:53 | Grunt |
| 3:03 | Stronghold |
| 3:19 | Orc Burrow |
| 3:52 | Orc Burrow |
| 4:13 | Endurance Aura |
| 4:25 | Grunt |
| 4:30 | War Mill |
| 4:51 | Grunt |
| 5:24 | Great Hall |
| 5:42 | Grunt |
| 6:06 | Goblin Shredder |
| 7:00 | Spirit Lodge |
| 7:12 | Fortress |
| 7:22 | Steel Armor |
| 7:40 | Steel Melee Weapons |
| 7:43 | Tauren Totem |
| 7:51 | Grunt |
| 8:17 | Shaman Adept Training |
| 8:17 | Shaman |
| 8:17 | Shaman |
| 8:25 | Peon |
| 8:29 | Peon |
| 8:59 | Endurance Aura |
| 9:03 | Peon |
| 9:03 | Peon |
| 9:11 | Shaman |
| 9:12 | Thorium Armor |
| 10:17 | Shaman Master Training |
| 10:19 | Tauren |
| 10:20 | Thorium Melee Weapons |
| 10:22 | Tauren |
| 10:29 | Orc Burrow |
| 10:30 | Orc Burrow |
| 10:55 | Arcanite Armor |
| 11:47 | Tauren |
| 12:03 | Arcanite Melee Weapons |
| 12:04 | Tauren |
| 12:16 | Orc Burrow |
| 12:17 | Orc Burrow |
| 12:36 | Tauren |
| 12:37 | Tauren |
| 12:52 | Shockwave |
| 13:51 | Troll Witch Doctor |
| 13:52 | Tauren |
| 13:53 | Witch Doctor Adept Training |
| 13:54 | Troll Witch Doctor |
| 13:55 | Troll Witch Doctor |
| 13:55 | Troll Witch Doctor |
| 14:03 | Tauren Totem |
| 15:12 | Tauren |
| 15:13 | Witch Doctor Master Training |
| 16:11 | Shaman |
| 16:11 | Shaman |
| 16:13 | Tauren |
| 16:14 | Tauren |
| 17:02 | Shaman |
| 17:03 | Tauren |
| 17:05 | Tauren |
| 17:41 | Demolisher |
| 17:41 | Demolisher |
| 17:43 | Demolisher |
| 17:52 | Demolisher |
| 18:44 | Steel Ranged Weapons |
| 18:46 | Pulverize |
| 19:45 | Thorium Ranged Weapons |
| 22:14 | Demolisher |
| 22:15 | Demolisher |
| 22:15 | Demolisher |
| 22:17 | Tauren |
| 24:31 | Troll Witch Doctor |
| Right click | 983 |
| Select | 685 |
| Select group | 255 |
| Build/train/purchase | 103 |
| Use ability | 32 |
| Misc. action | 27 |
| Minimap ping | 14 |
| Assign group | 10 |
| Resource trade | 7 |
| Esc | 5 |
| Item give/drop | 1 |


| Healing Salve | 1 | 100 |
| Lesser Clarity Potion | 1 | 70 |
| Orb of Lightning | 1 | 375 |
| total: | 3 | 545g |
| Peon | 14 | 1050 | / | 0 |
| Grunt | 6 | 1200 | / | 0 |
| Wind Rider | 9 | 2385 | / | 360 |
| Demolisher | 4 | 880 | / | 200 |
| Troll Batrider | 15 | 2400 | / | 600 |
| Tauren | 4 | 1120 | / | 320 |
| total: | 52 | 9035g | / | 1480w |
| Watch Tower | 2 | 220 | / | 160 |
| Altar of Storms | 1 | 180 | / | 50 |
| Orc Burrow | 6 | 960 | / | 240 |
| Barracks | 2 | 360 | / | 100 |
| Voodoo Lounge | 1 | 130 | / | 30 |
| War Mill | 1 | 205 | / | 0 |
| Great Hall | 1 | 385 | / | 185 |
| Beastiary | 2 | 290 | / | 280 |
| Stronghold | 1 | 315 | / | 190 |
| Fortress | 1 | 325 | / | 190 |
| total: | 16 | 2730g | / | 1045w |
| 0:07 | Altar of Storms |
| 0:16 | Peon |
| 0:21 | Orc Burrow |
| 0:25 | Peon |
| 0:36 | Barracks |
| 0:42 | Peon |
| 1:04 | Peon |
| 1:16 | Peon |
| 1:39 | Orc Burrow |
| 1:41 | Grunt |
| 1:47 | Peon |
| 2:04 | Peon |
| 2:12 | Wind Walk |
| 2:34 | Grunt |
| 2:37 | Peon |
| 2:48 | Voodoo Lounge |
| 3:17 | Grunt |
| 3:20 | Orc Burrow |
| 3:42 | Stronghold |
| 3:47 | Critical Strike |
| 4:13 | Healing Salve |
| 4:14 | Lesser Clarity Potion |
| 4:25 | War Mill |
| 5:16 | Orc Burrow |
| 5:42 | Wind Walk |
| 6:04 | Beastiary |
| 6:07 | Beastiary |
| 6:12 | Reinforced Defenses |
| 6:20 | Watch Tower |
| 6:25 | Watch Tower |
| 6:34 | Peon |
| 6:34 | Peon |
| 7:23 | Wind Rider |
| 7:25 | Wind Rider |
| 7:59 | Steel Armor |
| 8:42 | Wind Rider |
| 9:02 | Steel Ranged Weapons |
| 9:05 | Critical Strike |
| 9:24 | Great Hall |
| 9:50 | Fortress |
| 11:01 | Orc Burrow |
| 11:03 | Orc Burrow |
| 12:34 | Envenomed Spears |
| 12:37 | Thorium Armor |
| 12:37 | Thorium Ranged Weapons |
| 12:40 | Wind Rider |
| 13:43 | Wind Rider |
| 15:17 | Wind Rider |
| 15:17 | Wind Rider |
| 15:21 | Arcanite Ranged Weapons |
| 16:12 | Peon |
| 16:13 | Peon |
| 16:13 | Peon |
| 16:13 | Peon |
| 16:47 | Wind Rider |
| 17:40 | Burning Oil |
| 17:44 | Wind Rider |
| 17:55 | Barracks |
| 18:11 | Demolisher |
| 18:25 | War Stomp |
| 21:42 | Demolisher |
| 21:44 | Liquid Fire |
| 22:08 | Troll Batrider |
| 22:08 | Troll Batrider |
| 22:09 | Troll Batrider |
| 22:41 | Troll Batrider |
| 22:41 | Troll Batrider |
| 22:45 | Demolisher |
| 22:49 | Demolisher |
| 22:53 | Troll Batrider |
| 23:17 | Orb of Lightning |
| 23:20 | Wind Walk |
| 23:49 | Troll Batrider |
| 23:50 | Troll Batrider |
| 26:05 | Troll Batrider |
| 26:05 | Troll Batrider |
| 26:06 | Troll Batrider |
| 26:06 | Troll Batrider |
| 26:07 | Troll Batrider |
| 26:10 | Troll Batrider |
| 29:26 | Troll Batrider |
| 29:37 | Tauren |
| 29:37 | Tauren |
| 29:37 | Tauren |
| 29:38 | Tauren |
| 30:54 | Grunt |
| 30:54 | Grunt |
| 30:55 | Grunt |
| 30:57 | Berserker Strength |
| Right click | 1030 |
| Select | 367 |
| Select group | 301 |
| Misc. action | 188 |
| Build/train/purchase | 92 |
| Assign group | 25 |
| Resource trade | 15 |
| Use ability | 12 |
| Minimap ping | 6 |


| Orb of Corruption | 1 | 375 |
| Potion of Mana | 1 | 200 |
| Potion of Healing | 3 | 450 |
| Scroll of Town Portal | 3 | 1050 |
| Scroll of Healing | 2 | 500 |
| Orb of Lightning | 1 | 375 |
| Cloak of Flames | 1 | 500 |
| total: | 12 | 3450g |
| Acolyte | 6 | 450 | / | 0 |
| Ghoul | 4 | 480 | / | 0 |
| Crypt Fiend | 8 | 1720 | / | 320 |
| Frost Wyrm | 6 | 2310 | / | 720 |
| Goblin Shredder | 1 | 375 | / | 100 |
| Tauren | 1 | 280 | / | 80 |
| total: | 26 | 5615g | / | 1220w |
| Spirit Tower | 1 | 145 | / | 40 |
| Ziggurat | 9 | 1350 | / | 450 |
| Crypt | 1 | 200 | / | 50 |
| Altar of Darkness | 1 | 180 | / | 50 |
| Graveyard | 1 | 215 | / | 0 |
| Tomb of Relics | 1 | 130 | / | 30 |
| Sacrificial Pit | 1 | 75 | / | 150 |
| Boneyard | 3 | 525 | / | 600 |
| Halls of the Dead | 1 | 320 | / | 210 |
| Black Citadel | 1 | 325 | / | 230 |
| total: | 17 | 2675g | / | 1330w |
| 0:03 | Acolyte |
| 0:04 | Acolyte |
| 0:05 | Ziggurat |
| 0:18 | Crypt |
| 0:35 | Altar of Darkness |
| 1:26 | Ghoul |
| 1:27 | Ghoul |
| 1:29 | Ziggurat |
| 1:42 | Graveyard |
| 1:49 | Ghoul |
| 2:01 | Ghoul |
| 2:49 | Ziggurat |
| 2:57 | Tomb of Relics |
| 3:04 | Crypt Fiend |
| 3:16 | Death Coil |
| 3:18 | Crypt Fiend |
| 3:36 | Crypt Fiend |
| 4:09 | Crypt Fiend |
| 4:28 | Halls of the Dead |
| 4:43 | Creature Attack |
| 5:01 | Creature Carapace |
| 5:07 | Crypt Fiend |
| 5:18 | Improved Creature Carapace |
| 5:34 | Crypt Fiend |
| 6:02 | Unholy Aura |
| 6:23 | Ziggurat |
| 6:48 | Web |
| 6:50 | Improved Creature Attack |
| 6:51 | Advanced Creature Carapace |
| 7:02 | Black Citadel |
| 8:03 | Goblin Shredder |
| 8:09 | Death Coil |
| 8:51 | Crypt Fiend |
| 9:33 | Unholy Aura |
| 9:45 | Frost Nova |
| 9:51 | Advanced Creature Attack |
| 9:53 | Acolyte |
| 9:53 | Acolyte |
| 10:53 | Acolyte |
| 10:53 | Acolyte |
| 11:52 | Dark Ritual |
| 12:21 | Sacrificial Pit |
| 13:00 | Crypt Fiend |
| 13:38 | Ziggurat |
| 13:40 | Ziggurat |
| 13:41 | Ziggurat |
| 13:42 | Ziggurat |
| 15:32 | Boneyard |
| 15:33 | Boneyard |
| 15:34 | Boneyard |
| 16:45 | Ziggurat |
| 16:56 | Freezing Breath |
| 16:57 | Frost Wyrm |
| 17:00 | Frost Wyrm |
| 17:01 | Frost Wyrm |
| 17:13 | Cloak of Flames |
| 17:38 | Frost Wyrm |
| 18:01 | Orb of Corruption |
| 18:37 | Frost Wyrm |
| 18:46 | Orb of Lightning |
| 19:36 | Unholy Aura |
| 19:44 | Frost Nova |
| 21:12 | Scroll of Town Portal |
| 21:13 | Scroll of Town Portal |
| 21:25 | Scroll of Healing |
| 21:30 | Potion of Mana |
| 22:07 | Spirit Tower |
| 23:55 | Frost Wyrm |
| 24:08 | Potion of Healing |
| 25:31 | Dark Ritual |
| 25:57 | Scroll of Town Portal |
| 25:59 | Scroll of Healing |
| 26:02 | Potion of Healing |
| 26:04 | Potion of Healing |
| 27:23 | Frost Nova |
| 27:42 | Tauren |
| Select group | 582 |
| Right click | 499 |
| Select | 315 |
| Build/train/purchase | 82 |
| Use ability | 54 |
| Assign group | 31 |
| Minimap ping | 21 |
| Item give/drop | 8 |
| Misc. action | 2 |
| Remove unit | 2 |


| Potion of Healing | 1 | 150 |
| Scroll of Town Portal | 1 | 350 |
| total: | 2 | 500g |
| Wisp | 22 | 1320 | / | 0 |
| Archer | 25 | 3250 | / | 250 |
| Hippogryph | 12 | 1920 | / | 240 |
| Chimaera | 15 | 4950 | / | 1050 |
| total: | 74 | 11440g | / | 1540w |
| Ancient Protector | 2 | 270 | / | 160 |
| Moon Well | 7 | 1260 | / | 280 |
| Altar of Elders | 1 | 180 | / | 50 |
| Ancient of War | 1 | 150 | / | 60 |
| Ancient of Wonders | 1 | 90 | / | 30 |
| Hunter's Hall | 1 | 210 | / | 100 |
| Tree of Life | 1 | 340 | / | 185 |
| Ancient of Wind | 1 | 150 | / | 140 |
| Chimaera Roost | 3 | 420 | / | 570 |
| Tree of Ages | 1 | 320 | / | 180 |
| Tree of Eternity | 1 | 330 | / | 200 |
| total: | 18 | 3070g | / | 1575w |
| 0:03 | Wisp |
| 0:03 | Wisp |
| 0:03 | Wisp |
| 0:04 | Wisp |
| 0:19 | Moon Well |
| 0:23 | Wisp |
| 0:33 | Altar of Elders |
| 0:37 | Wisp |
| 1:09 | Wisp |
| 1:21 | Wisp |
| 1:28 | Ancient of War |
| 1:34 | Moon Well |
| 1:36 | Wisp |
| 2:00 | Wisp |
| 2:05 | Ancient of Wonders |
| 2:10 | Wisp |
| 2:29 | Archer |
| 2:35 | Moon Well |
| 2:38 | Archer |
| 2:46 | Archer |
| 2:55 | Shadow Strike |
| 3:01 | Archer |
| 3:14 | Hunter's Hall |
| 3:40 | Archer |
| 3:57 | Archer |
| 4:09 | Moon Well |
| 4:23 | Archer |
| 4:40 | Wisp |
| 4:41 | Archer |
| 5:03 | Tree of Ages |
| 5:05 | Archer |
| 5:30 | Archer |
| 5:38 | Blink |
| 6:09 | Shadow Strike |
| 6:13 | Archer |
| 6:15 | Strength of the Moon |
| 7:59 | Ancient of Wind |
| 8:01 | Improved Bows |
| 8:02 | Tree of Eternity |
| 8:08 | Improved Strength of the Moon |
| 8:31 | Moon Well |
| 8:36 | Archer |
| 8:38 | Moon Armor |
| 8:46 | Tree of Life |
| 8:53 | Ancient Protector |
| 9:06 | Ancient Protector |
| 9:33 | Trueshot Aura |
| 9:53 | Blink |
| 10:08 | Searing Arrows |
| 10:13 | Hippogryph |
| 10:14 | Hippogryph |
| 10:16 | Archer |
| 10:48 | Wisp |
| 10:48 | Wisp |
| 10:48 | Wisp |
| 11:36 | Advanced Strength of the Moon |
| 11:38 | Marksmanship |
| 12:11 | Archer |
| 12:12 | Archer |
| 12:21 | Hippogryph |
| 12:48 | Wisp |
| 13:18 | Archer |
| 13:18 | Archer |
| 13:19 | Archer |
| 13:20 | Improved Moon Armor |
| 13:21 | Hippogryph |
| 13:21 | Hippogryph |
| 15:28 | Advanced Moon Armor |
| 15:29 | Archer |
| 15:29 | Archer |
| 15:30 | Archer |
| 15:31 | Hippogryph |
| 15:32 | Hippogryph |
| 15:32 | Hippogryph |
| 15:32 | Hippogryph |
| 16:28 | Wisp |
| 16:29 | Wisp |
| 16:35 | Chimaera Roost |
| 16:37 | Chimaera Roost |
| 16:41 | Chimaera Roost |
| 16:44 | Moon Well |
| 16:49 | Archer |
| 16:49 | Archer |
| 17:20 | Wisp |
| 17:24 | Wisp |
| 17:24 | Wisp |
| 17:49 | Strength of the Wild |
| 17:57 | Corrosive Breath |
| 17:57 | Chimaera |
| 18:02 | Chimaera |
| 18:02 | Chimaera |
| 18:04 | Chimaera |
| 18:04 | Chimaera |
| 18:27 | Archer |
| 18:28 | Archer |
| 18:41 | Wisp |
| 18:52 | Reinforced Hides |
| 18:54 | Chimaera |
| 18:59 | Moon Well |
| 19:02 | Chimaera |
| 19:50 | Scroll of Town Portal |
| 20:01 | Potion of Healing |
| 20:10 | Chimaera |
| 20:35 | Chimaera |
| 20:49 | Improved Strength of the Wild |
| 22:18 | Chimaera |
| 24:21 | Chimaera |
| 26:01 | Chimaera |
| 28:15 | Chimaera |
| 29:19 | Chimaera |
| 30:24 | Chimaera |
| 30:47 | Hippogryph |
| 31:56 | Hippogryph |
| 31:57 | Hippogryph |
| Right click | 674 |
| Select | 378 |
| Build/train/purchase | 112 |
| Chat | 107 |
| Use ability | 17 |
| Misc. action | 10 |
| Item give/drop | 2 |
| Minimap ping | 2 |
⇛